 Dungeon Crawl Stone Soup version 0.15-a0-217-g70ad64b (webtiles) character file.

2182 Mirroar the Cloud Mage (level 9, 0/45 HPs)
             Began as a Deep Elf Air Elementalist on Apr 23, 2014.
             Was a Follower of Sif Muna.
             Slain by a centaur zombie (4 damage)
             ... on Level 7 of the Dungeon on Apr 24, 2014.
             The game lasted 01:27:10 (6264 turns).

Mirroar the Cloud Mage (Deep Elf Air Elementalist)  Turns: 6264, Time: 01:27:10

HP   0/45        AC  3     Str  8      XL: 9   Next:  0%
MP   9/26        EV 13     Int 21      God: Sif Muna [*.....]
Gold 209         SH  0     Dex 15      Spells:  5 memorised,  7 levels left

rFire  + . .     SeeInvis .     a - +0,+1 dagger
rCold  . . .     Clarity  .     h - +0 robe
rNeg   . . .     Conserve .     (no shield)
rPois  .         rCorr    .     G - +0 helmet
rElec  .         rRot     .     (no cloak)
SustAb + .       Spirit   .     (no gloves)
rMut   .         Warding  .     (no boots)
Gourm  +         Stasis   .     B - amulet of the gourmand
MR     .....                    w - ring of protection from fire
                                A - ring of sustain abilities {unknown}

@: repel missiles, very quick, not resistant to hostile enchantments, fairly
stealthy
A: no striking features
a: Channel Energy, Renounce Religion


You were on level 7 of the Dungeon.
You worshipped Sif Muna.
Sif Muna was aware of your devotion.
You were very full.

You visited 2 branches of the dungeon, and saw 8 of its levels.

You collected 209 gold pieces.

Inventory:

Hand weapons
 a - a +0,+1 dagger (weapon)
 b - a +0 blowgun
Missiles
 j - 6 needles of sleeping
 v - 12 poisoned needles
 y - 21 darts (quivered)
 I - 3 needles of paralysis
 N - 2 throwing nets
Armour
 h - a +0 robe (worn)
 G - a +0 helmet (worn)
Magical devices
 q - a wand of polymorph (2)
 H - a wand of slowing (4)
 J - a wand of fire (0)
Comestibles
 c - 4 bread rations
 k - 3 meat rations
 n - 3 chokos
 E - an apricot
Scrolls
 d - 2 scrolls of remove curse
 e - a scroll of magic mapping {unknown}
 g - 4 scrolls of teleportation {unknown}
 i - a scroll of noise
 m - 3 scrolls of recharging {unknown}
 p - 2 scrolls of identify
 s - a scroll of amnesia {unknown}
 u - a scroll of fear {unknown}
 z - a scroll of fog
 C - a scroll of enchant weapon II
Jewellery
 o - an uncursed amulet of clarity
 r - a +2 ring of strength
 w - a ring of protection from fire (right hand)
 A - a ring of sustain abilities (left hand) {unknown}
 B - an amulet of the gourmand (around neck)
Potions
 f - 2 potions of brilliance
 l - a potion of restore abilities
 x - a potion of agility
 D - a potion of cure mutation
 F - a potion of porridge
 K - a potion of curing
 L - 2 potions of confusion {unknown}
Books
 t - a book of Air

   Spells                             Type                      Level
   *Shock                             Conjuration/Air              1
   *Swiftness                         Charms/Air                   2
   *Repel Missiles                    Charms/Air                   2
   *Flight                            Charms/Air                   3
   Static Discharge                   Conjuration/Air              3
   *Lightning Bolt                    Conjuration/Air              5
 M - a book of the Sky

   Spells                             Type                      Level
   *Flight                            Charms/Air                   3
   Airstrike                          Air                          4
   Silence                            Hexes/Air                    5
   Deflect Missiles                   Charms/Air                   6
   Conjure Ball Lightning             Conjuration/Air              6
   Tornado                            Air                          9


   Skills:
 - Level 2.4 Dodging
 - Level 2.4 Stealth
 - Level 6.2 Spellcasting
 + Level 3.6 Conjurations
 - Level 3.0 Charms
 * Level 10.5 Air Magic
 + Level 0.7 Invocations


You had 7 spell levels left.
You knew the following spells:

 Your Spells              Type           Power        Failure   Level  Hunger
a - Shock                 Conj/Air       ####         1%          1    None
b - Swiftness             Chrm/Air       ####....     1%          2    None
c - Repel Missiles        Chrm/Air       ####..       1%          2    None
d - Flight                Chrm/Air       ####......   1%          3    ##.....
e - Lightning Bolt        Conj/Air       #####.....   17%         5    #####..


Dungeon Overview and Level Annotations

Branches:
Dungeon (7/15)             Temple (1/1) D:6

Altars:
Ashenzari
Cheibriados
Elyvilon
Fedhas
Kikubaaqudgha
Makhleb
Okawaru
Sif Muna
Trog
Vehumet
Xom
Yredelemnul
Zin
The Shining One


Message History

Aiming: Shock
Press: ? - help, Shift-Dir - straight line, f/p - centaur zombie
Aim: a centaur zombie The zap hits the centaur zombie.
The centaur zombie barely misses you.
Casting: Shock
Confirm with . or Enter, or press ? or * to list all spells.
Aiming: Shock
Press: ? - help, Shift-Dir - straight line, f/p - centaur zombie
Aim: a centaur zombie The zap hits the centaur zombie.
The centaur zombie hits you.
* * * LOW HITPOINT WARNING * * *
Casting: Shock
Confirm with . or Enter, or press ? or * to list all spells.
Aiming: Shock
Press: ? - help, Shift-Dir - straight line, f/p - centaur zombie
Aim: a centaur zombie The zap hits the centaur zombie.
The centaur zombie hits you.
* * * LOW HITPOINT WARNING * * *
The centaur zombie hits you.
You die...

#### ...##
#####.....
#..........
#.@$>......
#.Z........
#..........
###..........
##......>.....
####...<.........
#.......(........
#....<...........
#......(.........


You could see a centaur zombie.

Vanquished Creatures
  Pikel (D:5)
  Prince Ribbit (D:4)
  Edmund (D:4)
  An orc warrior (D:6)
  A phantom (D:4)
  A centaur (D:5)
  An ogre (D:6)
  4 slaves (D:5)
  The ghost of casual the Ruinous, an average VSCj (D:3)
  A giant frog (D:6)
  2 scorpions
  A crimson imp (D:5)
  A hound (D:4)
  2 orc priests
  A giant frog skeleton (D:4)
  An iguana (D:6)
  6 worker ants
  A hound skeleton (D:4)
  8 gnolls (D:3)
  7 adders
  A shadow imp (D:5)
  2 giant mites
  4 worms
  An iguana skeleton (D:5)
  3 oozes
  3 giant geckos
  7 orcs
  11 bats
  4 giant cockroaches
  12 goblins
  7 hobgoblins
  3 jackals (D:2)
  5 giant newts
  A hobgoblin skeleton (D:5)
  5 kobolds
  7 quokkas
  15 rats
134 creatures vanquished.

Vanquished Creatures (others)
  A toadstool (D:6)
1 creature vanquished.

Grand Total: 135 creatures vanquished

Notes
Turn   | Place    | Note
--------------------------------------------------------------
     0 | D:1      | Mirroar, the Deep Elf Air Elementalist, began the quest for the Orb.
     0 | D:1      | Reached XP level 1. HP: 10/10 MP: 5/5
   208 | D:1      | Reached XP level 2. HP: 15/15 MP: 3/8
   814 | D:1      | Reached skill level 4 in Air Magic
  1000 | D:2      | Reached XP level 3. HP: 12/19 MP: 2/10
  1071 | D:2      | Learned a level 2 spell: Swiftness
  1074 | D:2      | Learned a level 2 spell: Repel Missiles
  2004 | D:3      | Reached skill level 5 in Air Magic
  2004 | D:3      | Reached XP level 4. HP: 18/24 MP: 6/13
  2110 | D:3      | Reached skill level 1 in Charms
  2328 | D:3      | Reached XP level 5. HP: 25/28 MP: 4/16
  2723 | D:3      | Found a radiant altar of Vehumet.
  2723 | D:3      | Found a snail-covered altar of Cheibriados.
  2873 | D:3      | Noticed casual's ghost (average VSCj)
  2887 | D:3      | Killed casual's ghost
  2887 | D:3      | Reached XP level 6. HP: 27/32 MP: 7/18
  2906 | D:3      | Reached skill level 6 in Air Magic
  3437 | D:4      | Noticed Prince Ribbit
  3449 | D:4      | Killed Prince Ribbit
  3449 | D:4      | Reached skill level 7 in Air Magic
  3449 | D:4      | Reached XP level 7. HP: 33/36 MP: 8/20
  3597 | D:4      | Noticed Edmund
  3640 | D:4      | Killed Edmund
  3640 | D:4      | Reached skill level 8 in Air Magic
  3645 | D:4      | Learned a level 3 spell: Flight
  4123 | D:5      | Entered Level 5 of the Dungeon
  4304 | D:5      | Noticed Pikel
  4333 | D:5      | Killed Pikel
  4333 | D:5      | Reached skill level 5 in Spellcasting
  4333 | D:5      | Reached skill level 9 in Air Magic
  4333 | D:5      | Reached XP level 8. HP: 14/41 MP: 1/24
  5054 | D:6      | Upgraded the game from 0.15-a0-198-g2f4809b to 0.15-a0-217-g70ad64b
  5172 | D:6      | Found a staircase to the Ecumenical Temple.
  5192 | Temple   | Entered the Ecumenical Temple
  5208 | Temple   | Became a worshipper of Sif Muna the Loreminder
  5273 | D:6      | Reached skill level 10 in Air Magic
  6060 | D:6      | Acquired Sif Muna's first power
  6144 | D:6      | Learned a level 5 spell: Lightning Bolt
  6186 | D:6      | Reached XP level 9. HP: 40/45 MP: 21/26
  6237 | D:7      | Found a shattered altar of Ashenzari.
  6264 | D:7      | Slain by a centaur zombie

Action                   |  1- 3 |  4- 6 |  7- 9 || total
-------------------------+-------+-------+-------++-------
Melee: Dagger            |     8 |     4 |     1 ||    13
       Unarmed           |     1 |       |       ||     1
 Fire: Blowgun           |     3 |     1 |       ||     4
Throw: Dart              |       |       |     3 ||     3
       Throwing net      |       |       |     2 ||     2
 Cast: Shock             |    85 |   136 |   198 ||   419
       Repel Missiles    |     1 |     1 |       ||     2
       Swiftness         |     1 |       |     6 ||     7
Evoke: Wand              |       |       |     2 ||     2
  Use: Scroll            |     2 |     3 |     5 ||    10
       Potion            |       |     1 |     1 ||     2
